 Dungeon Crawl Stone Soup version 0.32-a0-931-g5a2cda0630 (webtiles) character file.

Game seed: 8218777088899889900

1596 funkygono the Firebug (level 8, -1/43 HPs)
             Began as a Gargoyle Fire Elementalist on Apr 13, 2024.
             Was an Initiate of Sif Muna.
             Slain by a gnoll bouda
             ... wielding a +0 whip
              (8 damage)
             ... on level 6 of the Dungeon.
             The game lasted 00:10:25 (6661 turns).

funkygono the Firebug (Gargoyle Fire Elementalist)  Turns: 6661, Time: 00:10:25

Health: -1/43      AC: 18    Str: 12    XL:     8   Next: 93%
Magic:  2/17       EV: 11    Int: 18    God:    Sif Muna [......]
Gold:   334        SH:  5    Dex: 10    Spells: 12/19 levels left

rFire   + + +        c - +0 whip
rCold   . . .        q - orb {*channel}
rNeg    + . .        b - +2 leather armour {rF+}
rPois   ∞            (no helmet)
rElec   +            n - +3 cloak "Jewaihoh" {Fly rPois rF++ Will-}
rCorr   .            k - +1 pair of gloves
SInv    .            g - +1 pair of boots
Will    .....        p - amulet of reflection
Stlth   ++           h - ring of protection from fire
HPRegen 0.27/turn    (no ring)
MPRegen 0.15/turn

%: reflection, channel magic (20%)
@: weakened, flying
A: sickness immunity, AC +5, negative energy resistance 1, electricity
resistance, torment resistance 1, petrification resistance
a: Renounce Religion


You were on level 6 of the Dungeon.
You worshipped Sif Muna.
Sif Muna was noncommittal.
You visited 2 branches of the dungeon, and saw 7 of its levels.

You collected 334 gold pieces.

Inventory:

Hand Weapons
 c - a +0 whip (weapon)
 m - the +1 falchion "Laenu" {freeze, rF+ MP+9 Int+4}
   (You took it off a hobgoblin on level 4 of the Dungeon)

   Int+4:     It affects your intelligence (+4).
   rF+:       It protects you from fire.
   MP+9:      It affects your magic capacity (+9).
Armour
 a - a +0 robe
 b - a +2 leather armour of fire resistance (worn)
 g - a +1 pair of boots (worn)
 j - a +0 ring mail
 k - a +1 pair of gloves (worn)
 n - the +3 cloak "Jewaihoh" (worn) {Fly rPois rF++ Will-}
   (You found it on level 3 of the Dungeon)

   rF++:      It greatly protects you from fire.
   rPois:     It protects you from poison.
   Will-:     It decreases your willpower.
   Fly:       It grants you flight.
 q - an orb of energy (worn)
Jewellery
 h - a ring of protection from fire (left hand)
 p - an amulet of reflection (around neck)
Wands
 i - a wand of light (15)
 o - a wand of mindburst (13)
Scrolls
 f - a scroll of identify
Potions
 d - a potion of curing
 e - a potion of cancellation
 l - a potion of haste
 r - a potion of might {unknown}


   Skills:
 + Level 1.0 Fighting
 + Level 1.9 Maces & Flails
 + Level 1.2 Armour
 + Level 3.0 Dodging
 + Level 3.1 Stealth
 + Level 0.5 Shields
 + Level 6.3 Spellcasting
 + Level 3.5 Conjurations
 + Level 7.1 Fire Magic


You had 12 spell levels left.
You knew the following spells:

 Your Spells              Type           Power      Damage    Failure   Level
a - Foxfire               Conj/Fire      96%        2x1d8     7%          1
b - Scorch                Fire           62%        2d7       6%          2
c - Flame Wave            Conj/Fire      24%        2d8       36%         4

Your spell library contained the following spells:

 Spells                   Type           Power      Damage    Failure   Level
 Inner Flame              Hex/Fire       18%        N/A       26%         3
 Volatile Blastmotes      Fire/Tloc      36%        2d13      26%         3
 Mercury Vapours          Alch/Air       10%        N/A       43%         2
 Mephitic Cloud           Conj/Alch/Air  9%         N/A       47%         3
 Freezing Cloud           Conj/Ice/Air   4%         6-21      98%         5


Dungeon Overview and Level Annotations

Branches:
Dungeon (6/15)             Temple (1/1) D:5

Altars:
Ashenzari
Cheibriados
Elyvilon
Fedhas
Gozag
Hepliaklqana
Kikubaaqudgha
Makhleb
Nemelex Xobeh
Okawaru
Qazlal
Ru
Sif Muna
Trog
Uskayaw
Vehumet
Wu Jian
Xom
Yredelemnul
Zin
The Shining One

Annotations:
D:5 3 runed translucent doors, zorb987's ghost, novice GnRe
D:6 Jeremiah


Innate Abilities, Weirdness & Mutations

You are immune to sickness and miasma.
Your stone body is resilient. (AC +5)
You are immune to poison.
You resist negative energy. (rN+)
You are resistant to electric shocks. (rElec)
You are resistant to unholy torment.
You are immune to petrification.


Message History

You hit the gnoll bouda but do no damage.
The gnoll bouda is severely wounded.
The gnoll hits you but does no damage.
The gnoll bouda hits you but does no damage.
You hit the gnoll bouda.
The gnoll bouda is almost dead.
The gnoll misses you.
The gnoll bouda gazes fiercely through you!
You feel your attacks grow feeble.
The gnoll bouda hits you but does no damage.
You hit the gnoll.
The gnoll is moderately wounded.
The gnoll barely misses you.
The gnoll bouda gazes fiercely through you!
You feel as though you will be weak longer.
The gnoll bouda closely misses you.
You hit the gnoll bouda.
The gnoll bouda is almost dead.
The gnoll is no longer moving quickly.
The gnoll hits you but does no damage.
The gnoll bouda calls upon its god to heal the gnoll.
The gnoll's wounds heal themselves!
You completely miss the gnoll bouda.
The gnoll bouda is almost dead.
The gnoll barely misses you.
The gnoll bouda hits you with a +0 whip.
You hit the gnoll bouda but do no damage.
The gnoll bouda is almost dead.
The gnoll hits you with a +0 halberd.
The gnoll bouda hits you but does no damage.
You closely miss the gnoll bouda.
The gnoll bouda is almost dead.
The gnoll hits you but does no damage.
The gnoll bouda barks out a call to the hunt!
The gnoll picks up the pace!
You barely miss the gnoll bouda.
The gnoll bouda is almost dead.
The gnoll hits you with a +0 halberd!
* * * LOW HITPOINT WARNING * * *
The gnoll bouda hits you with a +0 whip!
You die...

#.# #.# #. #.#
#.# #g #†# #.#
#.##.# #.# #.#..#
#.......# #.#†##
#.#####.. #.#.#
.#.
.#####.#.######.#
#
#.....)g@........
..).?##g.######.#
#.. #..# ! ....#
.##.## # #.# ..#
###


You could see a gnoll bouda and a gnoll (swift).

Vanquished Creatures
  Prince Ribbit (D:5)
  Eustachio (D:6)
  A water moccasin (D:5)
  A black bear (D:5)
  A phantom (D:6)
  A bullfrog (D:6)
  A scorpion (D:4)
  A bombardier beetle (D:4)
  2 bullfrog zombies (D:5)
  A centaur zombie (D:5)
  2 hounds (D:5)
  A jelly (D:6)
  4 orc priests
  2 iguanas (D:6)
  2 sleepcaps
  Jessica (D:2)
  A gnoll bouda (D:4)
  2 orc wizards
  A scorpion zombie (D:5)
  A killer bee zombie (D:5)
  A hound zombie (D:5)
  10 gnolls
  5 adders
  A shadow imp (D:5)
  2 ufetubi (D:6)
  2 dart slugs
  2 ribbon worms
  16 orcs
  7 endoplasms
  5 giant cockroaches
  6 goblins
  5 hobgoblins
  6 kobolds
  5 quokkas
  5 ball pythons
  4 bats
  A frilled lizard (D:1)
  12 rats
123 creatures vanquished.

Vanquished Creatures (collateral kills)
  10 foxfires (D:5)
10 creatures vanquished.

Vanquished Creatures (others)
  375 foxfires
  A lurking horror (D:6)
376 creatures vanquished.

Grand Total: 509 creatures vanquished

Notes
Turn   | Place    | Note
-------+----------+-------------------------------------------
     0 | D:1      | funkygono the Gargoyle Fire Elementalist began the quest
                  | for the Orb.
     0 | D:1      | Reached XP level 1. HP: 10/10 MP: 3/3
   412 | D:1      | Reached XP level 2. HP: 15/15 MP: 1/5
   415 | D:1      | Learned a level 2 spell: Scorch
   652 | D:1      | Reached XP level 3. HP: 19/19 MP: 1/6
  1186 | D:2      | Found a faded altar of an unknown god.
  1533 | D:2      | Reached XP level 4. HP: 24/24 MP: 2/7
  1744 | D:2      | Reached skill level 4 in Fire Magic
  2188 | D:2      | Noticed Jessica
  2194 | D:2      | Killed Jessica
  2567 | D:3      | Learned a level 4 spell: Flame Wave
  2679 | D:3      | Reached XP level 5. HP: 28/28 MP: 5/9
  3143 | D:3      | Found a bloodstained altar of Trog.
  3264 | D:3      | Identified the +3 cloak "Jewaihoh" {Fly rPois rF++ Will-}
  3448 | D:3      | Reached XP level 6. HP: 9/32 MP: 6/10
  3771 | D:4      | Reached skill level 1 in Maces & Flails
  3771 | D:4      | Reached skill level 5 in Fire Magic
  3892 | D:4      | Found a hide-covered altar of Uskayaw.
  4245 | D:4      | Identified the +1 falchion "Laenu" {freeze, rF+ MP+9 Int+4}
  4365 | D:4      | Found a white marble altar of Elyvilon.
  4365 | D:4      | Found a sacrificial altar of Ru.
  4365 | D:4      | Found a blossoming altar of Fedhas.
  4365 | D:4      | Found a sparkling altar of Nemelex Xobeh.
  4373 | D:4      | Found a glowing golden altar of the Shining One.
  4378 | D:4      | Found a glowing silver altar of Zin.
  4732 | D:5      | Entered Level 5 of the Dungeon
  4801 | D:5      | Reached XP level 7. HP: 37/37 MP: 2/13
  5201 | D:5      | Found a basalt altar of Yredelemnul.
  5289 | D:5      | Noticed Prince Ribbit
  5298 | D:5      | Killed Prince Ribbit
  5299 | D:5      | Reached skill level 5 in Spellcasting
  5299 | D:5      | Reached skill level 6 in Fire Magic
  5308 | D:5      | Reached XP level 8. HP: 42/42 MP: 2/15
  5656 | D:5      | Found an ancient bone altar of Kikubaaqudgha.
  5850 | D:5      | Found a staircase to the Ecumenical Temple.
  5892 | Temple   | Entered the Ecumenical Temple
  5899 | Temple   | Became a worshipper of Sif Muna the Loreminder
  5926 | D:5      | Found a runed translucent gate.
  5926 | D:5      | Found a runed translucent gate.
  5926 | D:5      | Found a runed translucent gate.
  5927 | D:5      | Noticed zorb987's ghost (novice GnRe)
  6339 | D:6      | Noticed Jeremiah
  6361 | D:6      | Noticed Eustachio
  6398 | D:6      | Killed Eustachio
  6498 | D:6      | Reached skill level 1 in Armour
  6553 | D:6      | Reached skill level 1 in Fighting
  6553 | D:6      | Reached skill level 7 in Fire Magic
  6661 | D:6      | Slain by a gnoll bouda

Illustrated notes

Levels and vault maps discovered:
D:1:      dpeg_arrival_simpleton_b, layout_loops_corners, minmay_misc_feat_chi
D:2:      layout_loops_corners, ebering_ecumenical_altar_hall, uniq_jessica
D:3:      cheibrodos_pilgrimage, layout_basic, old_standard_altar,
          kennysheep_big_empty_room
D:4:      layout_basic, minmay_overflow_temple_hex,
          mainiacjoe_overflow_tiny_flanked
D:5:      layout_loops_ring, mainiacjoe_overflow_boulevard,
          nicolae_yredelemnul_corpse_copse, minmay_temple_entry_hall,
          gammafunk_ghost_necromancy, kennysheep_generic_room_7,
          uniq_prince_ribbit1
D:6:      layout_loops_ring, nicolae_ossuary_entry_monument,
          amcnicky_altar_lugonu_corruption, uniq_eustachio, uniq_jeremiah
Temple:   minmay_freezing_vapour_temple

Skill      XL: |  1  2  3  4  5  6  7  8 |
---------------+-------------------------+-----
Dodging        | 2 3 |  3.0
Fire Magic     | 4 5 6 7 |  7.1
Conjurations   | 2 3 |  3.5
Spellcasting   | 3 4 5 6 |  6.3
Maces & Flails | 1 |  1.9
Stealth        | 3 |  3.1
Armour         | 1 |  1.2
Fighting       | 1 |  1.0
Shields        | |  0.5

Action                     |  1- 3 |  4- 6 |  7- 9 || total
---------------------------+-------+-------+-------++-------
  Melee: Whip              |     9 |    52 |   136 ||   197
   Cast: Foxfire           |    41 |    99 |    87 ||   227
         Scorch            |     5 |    27 |    44 ||    76
    Use: Scroll            |       |     9 |     3 ||    12
         Potion            |       |       |     7 ||     7
 Armour: Robe              |     8 |    56 |    90 ||   154
         Leather armour    |       |       |   145 ||   145
  Dodge: Dodged            |     6 |    46 |   172 ||   224
  Block: Other             |       |     4 |    11 ||    15

Table legend: (Time is in decaauts)
 A = Elapsed time spent in this place.
 B = Non-inter-level travel time spent in this place.
 C = Inter-level travel time spent in this place.
 D = Time resting spent in this place.
 E = Time spent auto-exploring this place.
 F = Levels seen in this place.
 G = Mean time per level.
                   A        B        C        D        E       F      G
               +--------+--------+--------+--------+--------+-----+--------+
         Total |   6668 |   6487 |    181 |     83 |   5155 |   7 |  952.6 |
       Dungeon |   6655 |   6480 |    175 |     83 |   5155 |   6 | 1109.2 |
        Temple |     12 |      7 |      5 |      0 |      0 |   1 |   12.0 |
               +--------+--------+--------+--------+--------+-----+--------+

Top non-repeatable levels by time:
     D:5: 1346 daAuts
     D:2: 1307 daAuts
     D:3: 1221 daAuts
     D:4: 1205 daAuts
     D:1: 1137 daAuts
     D:6: 437 daAuts
  Temple: 12 daAuts
